 Dungeon Crawl Stone Soup version 0.21.1-1-g345015f (webtiles) character file.

47 snakesoul the Charmwright (level 3, 0/27 HPs)
             Began as a Merfolk Skald on June 23, 2018.
             Succumbed to an adder's poison
             ... on level 2 of the Dungeon.
             The game lasted 00:03:38 (1710 turns).

snakesoul the Charmwright (Merfolk Skald)           Turns: 1710, Time: 00:03:39

Health: 0/27       AC:  4    Str: 11    XL:     3   Next: 70%
Magic:  6/6        EV: 12    Int: 13    God:
Gold:   22         SH:  0    Dex: 13    Spells: 3/6 levels left

rFire    + . .     SeeInvis .   h - +2 spear (vamp)
rCold    + . .     Gourm    .   (no shield)
rNeg     . . .     Faith    .   b - +0 leather armour
rPois    +         Spirit   .   m - +1 hat
rElec    +         Reflect  .   (no cloak)
rCorr    +         Harm     .   (no gloves)
MR       .....                  (no boots)
Stlth    +.........             (no amulet)
HPRegen  0.09/turn              (no ring)
MPRegen  0.10/turn              (no ring)

@: lethally poisoned (0 -> -2), resistant, hasted, very quick
A: change form in water, swift swim, stealthy swim
a: no special abilities


You were on level 2 of the Dungeon.
You were not hungry.

You visited 1 branch of the dungeon, and saw 2 of its levels.

You collected 22 gold pieces.

Inventory:

Hand Weapons
 a - a +0 spear
 h - a +2 vampiric spear (weapon)
Armour
 b - a +0 leather armour (worn)
 m - a +1 hat (worn)
Scrolls
 e - a scroll of immolation {unknown}
 f - a scroll of blinking {unknown}
 i - a scroll of identify {unknown}
 k - a scroll of magic mapping {unknown}
 l - 3 scrolls of amnesia {unknown}
 n - a scroll of random uselessness {unknown}
Books
 c - a book of Battle

   Spells                             Type                      Level
   a - Infusion                       Charms                       1
   b - Shroud of Golubria             Charms/Translocation         2
   c - Song of Slaying                Charms                       2
   d - Spectral Weapon                Hexes/Charms                 3
   e - Regeneration                   Charms/Necromancy            3
Comestibles
 d - a ration


   Skills:
 - Level 2.1 Fighting
 - Level 3.0 Polearms
 - Level 0.6 Armour
 - Level 2.6 Dodging
 - Level 2.0 Spellcasting
 - Level 3.9 Charms
 + Level 2.1 Translocations


You had 3 spell levels left.
You knew the following spells:

 Your Spells              Type           Power        Failure   Level  Hunger
a - Infusion              Chrm           ##..         7%          1    ##.....
b - Shroud of Golubria    Chrm/Tloc      #.........   14%         2    ###....


Dungeon Overview and Level Annotations

Branches:
Dungeon (2/15)

Altars:
Cheibriados
Ru


Message History

You feel sick.
* * * LOW HITPOINT WARNING * * *
You feel sick.
You see here a chunk of flesh.
* * * LOW HITPOINT WARNING * * *
You feel sick.
You see here a chunk of flesh.
You see here a chunk of flesh.
You aren't carrying any potions.
* * * LOW HITPOINT WARNING * * *
You feel sick.
* * * LOW HITPOINT WARNING * * *
You feel sick.
There is a snail-covered altar of Cheibriados here.
* * * LOW HITPOINT WARNING * * *
You feel sick.
You see here a wand of enslavement (17).
* * * LOW HITPOINT WARNING * * *
You feel sick.
You die...

#####################
#./............@....#
#..#...#...#...#...##########
#_...%................((....####
#..#...#..)#...#...#)(..........
#..................)#(..........
####################.######.....
#####.....######.....
.....................
..###.....##.###.....


There were no monsters in sight!

Vanquished Creatures
  An adder (D:2)
  2 oozes (D:1)
  A giant cockroach (D:1)
  3 goblins
  3 hobgoblins (D:1)
  2 jackals (D:1)
  8 kobolds
  A quokka (D:2)
  A ball python (D:1)
  4 bats
  2 frilled lizards (D:1)
  2 rats (D:1)
30 creatures vanquished.

Notes
Turn   | Place    | Note
-------+----------+-------------------------------------------
     0 | D:1      | snakesoul the Merfolk Skald began the quest for the Orb.
     0 | D:1      | Reached XP level 1. HP: 16/16 MP: 3/3
   307 | D:1      | Reached XP level 2. HP: 18/22 MP: 5/5
   311 | D:1      | Learned a level 2 spell: Shroud of Golubria
   793 | D:1      | Reached skill level 1 in Translocations
   797 | D:1      | Reached XP level 3. HP: 15/27 MP: 6/6
  1238 | D:2      | Found a sacrificial altar of Ru.
  1654 | D:2      | Found a snail-covered altar of Cheibriados.
  1697 | D:2      | HP: 1/27 [poisoned by an adder]
  1703 | D:2      | HP: 1/27 [poisoned by an adder]
  1710 | D:2      | Succumbed to an adder's poison

Skill      XL: |  1  2  3 |
---------------+----------+-----
Translocations | 1 2 |  2.1
Fighting       | |  2.1
Polearms       | |  3.0
Armour         | |  0.6
Dodging        | |  2.6
Spellcasting   | |  2.0
Charms         | |  3.9

Action                   || total
-------------------------++-------
Melee: Spear             ||   144
  Use: Potion            ||     2
 Stab: Sleeping          ||     1
  Eat: Ration            ||     2
       Chunk             ||     2
Armor: Leather armour    ||    31
Dodge: Dodged            ||    67
